 Dungeon Crawl Stone Soup version 0.28.0 (webtiles) character file.

Game seed: 1548336154943520950

124194 browni3141 the Peltast (level 16, -2/152 HPs)
             Began as a Minotaur Berserker on Feb 15, 2022.
             Was a High Priest of Trog.
             Constricted to death by a naga warrior (5 damage)
             ... on level 4 of the Snake Pit.
             The game lasted 00:21:26 (29159 turns).

browni3141 the Peltast (Minotaur Berserker)        Turns: 29159, Time: 00:21:26

Health: -2/152     AC: 36    Str: 34    XL:     16   Next: 38%
Magic:  5/5        EV:  4    Int:  4    God:    Trog [*****.]
Gold:   1198       SH: 26    Dex:  9    Spells: 15/15 levels left

rFire   . . .      SeeInvis .   m - +3 broad axe (antimagic)
rCold   . . .      Faith    .   y - +6 tower shield "Ogol" {Will+}
rNeg    + . .      Spirit   .   V - +2 crystal plate armour
rPois   +          Reflect  .   (helmet restricted)
rElec   .          Harm     .   u - +0 cloak
rCorr   .          Rampage  ∞   D - +2 pair of gloves {Str+3}
Will    +++++      Clarity  +   j - +3 pair of seven-league boots {Rampage+∞}
Stlth   ..........              A - amulet of the Four Winds {rN+ Will+++ Clar}
HPRegen 1.35/turn               a - ring of poison resistance
MPRegen 0.09/turn               N - +4 ring of slaying

@: strong-willed, on berserk cooldown, regenerating, slowed, constricted, very
slow
A: horns 2, retaliatory headbutt
a: Renounce Religion, Berserk, Trog's Hand, Brothers in Arms


You were on level 4 of the Snake Pit.
You worshipped Trog.
Trog was extremely pleased with you.
You visited 3 branches of the dungeon, and saw 25 of its levels.
You also visited: Bailey and Volcano.

You collected 2188 gold pieces.
You spent 990 gold pieces at shops.

Inventory:

Hand Weapons
 m - a +3 antimagic broad axe (weapon)
Missiles
 X - a throwing net (quivered)
Armour
 j - the +3 pair of seven-league boots (worn) {Rampage+∞}
   (You acquired it on level 11 of the Dungeon)

   Its wearer moves as far as possible in that direction when moving towards
   enemies.
 u - a +0 cloak (worn)
 y - the +6 tower shield "Ogol" (worn) {Will+}
   (You found it on level 4 of the Snake Pit)

   Will:      It increases your willpower.
 D - a +2 pair of gloves of strength (worn)
 U - a +4 tower shield of protection
 V - a +2 crystal plate armour (worn)
Jewellery
 a - a ring of poison resistance (left hand)
 f - a ring of protection from cold
 o - a ring of resist corrosion
 A - the amulet of the Four Winds (around neck) {rN+ Will+++ Clar}
   (You bought it in a shop on level 9 of the Dungeon)

   [amulet of nothing]

   rN:        It protects you from negative energy.
   Clar:      It protects you against confusion.
   Will:      It greatly increases your willpower.
 B - a ring of see invisible
 G - a ring of protection from fire
 N - a +4 ring of slaying (right hand)
Wands
 b - a wand of acid (4)
 t - a wand of paralysis (6)
 P - a wand of iceblast (9)
 R - a wand of charming (10)
 W - a wand of digging (13)
 Z - a wand of mindburst (15)
Scrolls
 d - 7 scrolls of immolation
 e - 2 scrolls of fear
 i - 7 scrolls of noise
 k - 6 scrolls of vulnerability
 s - 9 scrolls of magic mapping
 v - 5 scrolls of summoning
 w - 2 scrolls of fog
 C - 5 scrolls of amnesia
 E - a scroll of holy word
 H - 7 scrolls of teleportation
 I - 2 scrolls of silence
 J - 4 scrolls of blinking
 L - 2 scrolls of enchant weapon
 T - a scroll of torment
Potions
 c - 8 potions of brilliance
 g - 8 potions of might
 h - 2 potions of flight
 l - 2 potions of magic
 n - 7 potions of heal wounds
 p - 4 potions of lignification
 r - 2 potions of berserk rage
 x - 6 potions of haste
 z - 5 potions of attraction
 F - a potion of ambrosia {unknown}
 K - 3 potions of mutation {unknown}
 O - 3 potions of cancellation {unknown}
 Q - 11 potions of curing
 S - a potion of degeneration {unknown}
 Y - 2 potions of resistance {unknown}
Miscellaneous
 q - a tin of tremorstones (2/2)
 M - a phantom mirror


   Skills:
 + Level 16.3 Fighting
 + Level 16.2 Axes
 + Level 16.1 Armour
 - Level 4.9 Dodging
 * Level 20.9 Shields
 * Level 5.2 Evocations


You had 15 spell levels left.
You didn't know any spells.
Your spell library was empty.

Dungeon Overview and Level Annotations

Branches:
Dungeon (15/15)            Temple (0/1) D:7            Lair (6/6) D:11
  Swamp (0/4) Lair:4        Snake (4/4) Lair:2        Slime (0/5) Lair:6
    Orc (0/2) D:11         Vaults (0/5) D:14         Depths (0/4) D:15
 Bailey (visited)         Volcano (visited)

Altars:
Dithmenos
Ru
The Shining One
Jiyva

Shops:
D:8 !   D:9 =

Portals:
Abyss: D:7


Innate Abilities, Weirdness & Mutations

You have a pair of horns on your head.
You reflexively headbutt those who attack you in melee.


Message History

The salamander hits you with a +0 halberd!!
You are engulfed in flames!
* * * LOW HITPOINT WARNING * * *
The salamander mystic hits you but does no damage.
The naga warrior hits you but does no damage.
The naga warrior constricts you.
The naga sharpshooter casts a spell.
The naga sharpshooter magically shoots a bolt.
You block the bolt. You block the salamander's attack.
The salamander mystic hits you but does no damage.
Your skin crawls.
You feel strong-willed. You block the salamander's attack.
The naga warrior hits you with a +0 short sword!
* * * LOW HITPOINT WARNING * * *
The naga warrior constricts you.
A salamander comes into view. It is wielding a +0 halberd.
The salamander mystic falters for a moment.
You block the salamander's attack. You block the naga warrior's attack.
The naga warrior constricts you.
Your ogre goes berserk!
You block the salamander's attack.
The salamander mystic hits you with a +0 vorpal quarterstaff!!
* * * LOW HITPOINT WARNING * * *
You are engulfed in flames!
* * * LOW HITPOINT WARNING * * *
x2 You block the naga warrior's attack.
The naga warrior constricts you.
The salamander hits you but does no damage.
You block the salamander mystic's attack.
Unknown command.
The naga warrior's grasp on you weakens, but your attempt to escape fails.
You block the salamander's attack.
Your ogre hits the naga warrior with a +0 giant club!!
You block the naga warrior's attack. The naga warrior constricts you.
* * * LOW HITPOINT WARNING * * *
You block the salamander's attack.
The salamander mystic hits you but does no damage.
The naga warrior hits you but does no damage.
The naga warrior constricts you.
You die...

# #.# ..#...........##
# #.
####.....))).....#
####..###...........#
.#......##..........##
........##.....)....#
........#.#.........#
........#.#...#####.#
.......)#N##.##. ##
##.....N@N####.###.#
##...O###N###.....##
##.## #))#..§..N.# ##
#.))§§≈≈≈≈.
#..'.≈N§≈§N#
#..'.§≈≈≈§N'
#..#.....§.#
#.###.....## #.#
.###.#


You could see a naga warrior (ally target), a naga sharpshooter (fast), a
salamander mystic (strong, magic disrupted), a salamander (fast, strong) and a
friendly ogre (summoned, berserk).

Vanquished Creatures
  Vashnia (Snake:4)
  A sphinx (D:15)
  A tengu reaver (D:15)
  Aizul (Snake:4)
  A war gargoyle (D:15)
  Nessos (Lair:6)
  The ghost of GloriousHammer the Brawler, a journeyman TrBe of Trog (Lair:4)
  2 fire dragons (Lair:6)
  A salamander tyrant (Snake:4)
  5 naga warriors
  2 vault guards (D:14)
  Fannar (Lair:3)
  9 boulder beetles
  18 hydras
  A centaur warrior (D:9)
  A catoblepas (Lair:6)
  Erica (D:11)
  5 two-headed ogres
  A death knight (D:15)
  5 anacondas
  A tengu warrior (D:14)
  A deep troll earth mage (D:15)
  A death yak (Lair:2)
  A shock serpent (Snake:2)
  7 naga sharpshooters
  A deep elf knight (D:14)
  2 skeletal warriors (D:15)
  A salamander mystic (Snake:4)
  A glowing orange brain (shapeshifter) (D:15)
  The ghost of Barbarella the Ruffian, a novice TrMo of Cheibriados (D:6)
  A bog body (Lair:4)
  A swamp dragon (Lair:6)
  A wizard (D:14)
  4 deep elf pyromancers
  The ghost of ooooo the Vexing, a novice OpCj of Gozag (D:7)
  A necromancer (D:14)
  3 orc knights
  2 lindwurms (Lair:6)
  8 salamanders
  7 ugly things
  6 cyclopes
  A manticore (D:15)
  2 mana vipers (Snake:4)
  3 guardian serpents
  22 black mambas
  4 gargoyles
  5 naga magi
  A molten gargoyle (Volcano)
  7 torpor snails
  9 cane toads
  2 efreet
  7 rime drakes
  2 freezing wraiths (D:15)
  A yaktaur (D:14)
  A tengu conjurer (D:13)
  8 komodo dragons
  3 tyrant leeches (Lair:6)
  3 trolls
  3 polar bears
  28 blink frogs
  7 hornets (Lair:6)
  5 slime creatures
  4 dream sheep (Lair:5)
  3 wraiths
  71 yaks
  3 wyverns
  A vampire (D:12)
  A ynoxinul (D:7)
  2 fire elementals (Volcano)
  A shadow (D:11)
  19 humans (D:14)
  8 basilisks
  3 steam dragons
  2 wargs (D:11)
  An acid dragon (Lair:6)
  23 nagas
  24 water moccasins
  2 swamp drakes (Lair:6)
  5 ice beasts
  13 orc warriors
  2 sky beasts
  A black bear (D:5)
  A necrophage (D:6)
  22 wolves
  4 ogres
  2 centaurs
  3 phantoms
  2 small abominations (D:7)
  19 bullfrogs
  3 kobold brigands (D:7)
  A wyvern zombie (D:6)
  A gnoll sergeant (D:11)
  A wyvern skeleton (D:7)
  2 water moccasin skeletons
  6 wights
  A vampire bat (D:8)
  3 howler monkeys
  3 jellies
  4 centaur zombies
  A bullfrog skeleton (D:6)
  A gnoll shaman (D:7)
  9 orc priests
  A centaur skeleton (D:6)
  9 iguanas
  17 orc wizards
  A killer bee zombie (D:9)
  2 howler monkey zombies
  14 gnolls
  5 adders
  A howler monkey skeleton (D:7)
  3 white imps (D:6)
  A howler monkey simulacrum (D:6)
  2 worms
  6 dart slugs
  58 orcs
  9 bats
  5 endoplasms
  A giant cockroach (D:3)
  6 goblins
  7 hobgoblins
  8 quokkas
  13 ball pythons
  3 frilled lizards
  19 kobolds
  4 rats
708 creatures vanquished.

Vanquished Creatures (others)
  A swamp drake (Lair:6)
  An iguana (Lair:6)
  46 fungi
  69 plants
  2 toadstools (D:11)
119 creatures vanquished.

Grand Total: 827 creatures vanquished

Notes
Turn   | Place    | Note
-------+----------+-------------------------------------------
     0 | D:1      | browni3141 the Minotaur Berserker began the quest for the
                  | Orb.
     0 | D:1      | Reached XP level 1. HP: 19/19 MP: 0/0
   159 | D:1      | Reached XP level 2. HP: 16/27 MP: 1/1
  1402 | D:2      | Found a faded altar of an unknown god.
  1482 | D:2      | Reached XP level 3. HP: 33/33 MP: 2/2
  1589 | D:2      | Reached ** piety under Trog
  1653 | D:2      | Reached XP level 4. HP: 26/40 MP: 3/3
  2042 | D:3      | Reached XP level 5. HP: 41/47 MP: 4/4
  2226 | D:3      | Found a sacrificial altar of Ru.
  2547 | D:3      | Noticed a water moccasin
  2558 | D:3      | Killed a water moccasin
  2559 | D:3      | Reached skill level 5 in Fighting
  2559 | D:3      | Reached skill level 5 in Axes
  2559 | D:3      | Reached XP level 6. HP: 51/56 MP: 5/5
  3738 | D:4      | Noticed a sky beast
  3743 | D:4      | Killed a sky beast
  3744 | D:4      | Reached skill level 5 in Armour
  3744 | D:4      | Reached XP level 7. HP: 56/62 MP: 6/6
  4030 | D:4      | HP: 1/93 [ogre (15)]
  4862 | D:5      | Entered Level 5 of the Dungeon
  4871 | D:5      | Reached skill level 1 in Shields
  4957 | D:5      | Reached skill level 2 in Shields
  5331 | D:5      | Reached skill level 3 in Shields
  5331 | D:5      | Reached XP level 8. HP: 66/71 MP: 7/7
  5380 | D:5      | Reached *** piety under Trog
  5532 | D:5      | Reached skill level 4 in Shields
  6204 | D:6      | Reached skill level 5 in Shields
  6344 | D:6      | Found a runed translucent gate.
  6345 | D:6      | Found a runed translucent gate.
  6346 | D:6      | Found a runed translucent gate.
  6371 | D:6      | Noticed Barbarella's ghost (novice TrMo)
  6836 | D:6      | Reached skill level 6 in Shields
  7214 | D:6      | Reached XP level 9. HP: 51/79 MP: 8/8
  7218 | D:6      | Killed Barbarella's ghost
  7219 | D:6      | Reached skill level 7 in Shields
  7650 | D:7      | Noticed a green ugly thing
  7687 | D:7      | Reached skill level 8 in Shields
  7732 | D:7      | Found a one-way gate to the infinite horrors of the Abyss.
  7732 | D:7      | Noticed ooooo's ghost (novice OpCj)
  7760 | D:7      | Found a transporter.
  7964 | D:7      | Found a staircase to the Ecumenical Temple.
  8054 | D:7      | Found a transporter.
  8648 | D:7      | Killed a green ugly thing
  8649 | D:7      | Reached skill level 9 in Shields
  8649 | D:7      | Reached XP level 10. HP: 63/91 MP: 9/9
  8975 | D:7      | Killed ooooo's ghost
  9160 | D:8      | Identified the +1 chain mail of Hedge Wizardry {Rampage
                  | Str+4 Dex+4}
  9451 | D:8      | Found Umiom's Distillery.
  9458 | D:8      | Bought a potion of curing for 36 gold pieces
  9458 | D:8      | Bought a potion of heal wounds for 60 gold pieces
  9479 | D:8      | Reached **** piety under Trog
  9488 | D:8      | Reached skill level 10 in Shields
  9528 | D:8      | Identified the +10 chain mail of the Pits of Slime {+Blink
                  | rElec rPois Int-2}
  9863 | D:9      | Found Dettituug's Jewellery Shoppe.
  9893 | D:9      | Noticed a centaur warrior
  9899 | D:9      | Killed a centaur warrior
 10046 | D:9      | Noticed a two-headed ogre
 10056 | D:9      | Killed a two-headed ogre
 10165 | D:9      | Found a flagged portal.
 10172 | D:9      | Reached skill level 10 in Fighting
 10172 | D:9      | Reached skill level 11 in Shields
 10229 | Bailey   | Entered a bailey
 10260 | Bailey   | Reached skill level 10 in Axes
 10353 | Bailey   | Noticed an orc knight
 10353 | Bailey   | Noticed an orc knight
 10367 | Bailey   | Killed an orc knight
 10368 | Bailey   | Reached XP level 11. HP: 99/99 MP: 10/10
 10576 | Bailey   | Killed an orc knight
 11140 | D:10     | Entered Level 10 of the Dungeon
 11229 | D:10     | Noticed a two-headed ogre
 11239 | D:10     | Killed a two-headed ogre
 11240 | D:10     | Reached skill level 10 in Armour
 11287 | D:10     | Noticed a two-headed ogre
 11297 | D:10     | Killed a two-headed ogre
 11306 | D:10     | Reached skill level 12 in Shields
 11882 | D:11     | Noticed Erica
 11894 | D:11     | Killed Erica
 12211 | D:11     | You fall into a shaft and drop 2 floors!
 12211 | D:13     | Noticed a boulder beetle
 12221 | D:13     | Killed a boulder beetle
 12222 | D:13     | Reached skill level 13 in Shields
 12361 | D:13     | Noticed a deep elf pyromancer
 12371 | D:13     | Killed a deep elf pyromancer
 12376 | D:13     | Reached XP level 12. HP: 110/110 MP: 11/11
 12674 | D:11     | Found a staircase to the Orcish Mines.
 12804 | D:11     | Found a staircase to the Lair.
 13184 | D:11     | Reached skill level 14 in Shields
 13297 | D:11     | Noticed a boulder beetle
 13308 | D:11     | Killed a boulder beetle
 13535 | D:11     | Noticed a two-headed ogre
 13543 | D:11     | Killed a two-headed ogre
 13712 | D:11     | Identified a scroll of acquirement
 13716 | D:11     | Acquired the +3 pair of seven-league boots {Rampage+∞}
 13716 | D:11     | Found the +3 pair of seven-league boots {Rampage+∞}
 13730 | Lair:1   | Entered Level 1 of the Lair of Beasts
 13858 | Lair:1   | Noticed a six-headed hydra
 13866 | Lair:1   | Killed an eight-headed hydra
 13978 | Lair:1   | Reached ***** piety under Trog
 14098 | Lair:1   | Reached skill level 15 in Shields
 14427 | Lair:1   | Noticed a five-headed hydra
 14430 | Lair:1   | Noticed a four-headed hydra
 14439 | Lair:1   | Killed a 12-headed hydra
 14444 | Lair:1   | Killed a 12-headed hydra
 14907 | Lair:1   | Noticed a four-headed hydra
 14919 | Lair:1   | Killed a ten-headed hydra
 14920 | Lair:1   | Reached XP level 13. HP: 119/119 MP: 12/12
 15098 | D:9      | Bought the amulet of the Four Winds {rN+ Will+++ Clar} for
                  | 614 gold pieces
 15098 | D:9      | Found the amulet of the Four Winds {rN+ Will+++ Clar}
 15378 | Lair:2   | Found a staircase to the Snake Pit.
 16042 | Lair:2   | Reached skill level 16 in Shields
 16658 | Lair:2   | Identified the +5 hand axe "Omelette" {holy, *Rage rPois
                  | Will++ SInv}
 17119 | Lair:3   | Found a dark tunnel.
 17189 | Volcano  | Entered a volcano
 17616 | Lair:3   | Noticed Fannar
 17638 | Lair:3   | Killed Fannar
 17986 | Lair:3   | Received a gift from Trog
 18559 | Lair:4   | Reached skill level 17 in Shields
 19108 | Lair:4   | Found a staircase to the Swamp.
 19117 | Lair:4   | Reached XP level 14. HP: 82/130 MP: 13/13
 19335 | Lair:4   | Found a runed translucent gate.
 19336 | Lair:4   | Found a runed translucent gate.
 19337 | Lair:4   | Found a runed translucent gate.
 19339 | Lair:4   | Noticed GloriousHammer's ghost (journeyman TrBe)
 19355 | Lair:4   | Killed GloriousHammer's ghost
 20698 | Lair:5   | Reached skill level 18 in Shields
 21049 | Lair:6   | Entered Level 6 of the Lair of Beasts
 21658 | Lair:6   | Noticed Nessos
 21670 | Lair:6   | Killed Nessos
 21912 | D:9      | Bought a ring of poison resistance for 280 gold pieces
 22239 | Lair:6   | Received a gift from Trog
 22620 | Lair:6   | Found a viscous altar of Jiyva.
 22620 | Lair:6   | Found a staircase to the Slime Pits.
 22702 | Lair:6   | Found a runed translucent door.
 23240 | Lair:6   | Reached skill level 15 in Fighting
 23534 | D:12     | Reached skill level 19 in Shields
 23677 | D:12     | Found a glowing golden altar of the Shining One.
 23715 | D:12     | Reached skill level 15 in Axes
 23715 | D:12     | Reached XP level 15. HP: 95/141 MP: 4/14
 24990 | D:14     | Reached skill level 15 in Armour
 24995 | D:14     | Found a frozen archway.
 25500 | D:14     | Found a gate to the Vaults.
 25751 | D:15     | Entered Level 15 of the Dungeon
 25914 | D:15     | Found a shadowy altar of Dithmenos.
 26039 | D:15     | Reached skill level 20 in Shields
 26332 | D:15     | Noticed a sphinx
 26332 | D:15     | Noticed a tengu reaver
 26369 | D:15     | Killed a sphinx
 26370 | D:15     | Reached skill level 1 in Evocations
 26470 | D:15     | Found a staircase to the Depths.
 26491 | D:15     | Reached ****** piety under Trog
 26731 | D:15     | Killed a tengu reaver
 27119 | Snake:1  | Entered Level 1 of the Snake Pit
 27161 | Snake:1  | Received a gift from Trog
 28053 | Snake:2  | Identified the +1 chain mail "Sicirynn" {Drain Str+3 SInv}
 28060 | Snake:2  | Reached XP level 16. HP: 151/151 MP: 5/15
 28457 | Snake:4  | Entered Level 4 of the Snake Pit
 28778 | Snake:4  | Noticed Vashnia
 28807 | Snake:4  | Killed Vashnia
 28807 | Snake:4  | Received a gift from Trog
 28821 | Snake:4  | Identified the +6 tower shield "Ogol" {Will+}
 29092 | Snake:4  | Noticed Aizul
 29118 | Snake:4  | Killed Aizul
 29122 | Snake:4  | Reached skill level 5 in Evocations
 29158 | Snake:4  | HP: 4/152 [salamander mystic (6)]
 29159 | Snake:4  | Constricted to death by a naga warrior

Illustrated notes

Levels and vault maps discovered:
D:1:      ncdulo_lavacross, layout_basic, lemuel_flame_loot_1
D:2:      layout_basic, dreamdust_ecumenical_altar_angels_and_demons
D:3:      layout_basic, lemuel_tele_altar, st_stairs_1
D:4:      layout_layer_cave, kennysheep_generic_room_16
D:5:      layout_gridville, grunt_ministairs_6
D:6:      layout_loops_ring, gammafunk_ghost_icy
D:7:      layout_gridville, minmay_temple_entry_drinking_statues,
          gammafunk_ghost_abyssal_escape
D:8:      layout_rooms, serial_shops, shop, roderic_batcave
D:9:      layout_loops_cross, serial_shops, nicolae_shop_trees, enter_bailey_3
D:10:     layout_roguey
D:11:     layout_basic, lair_entry_dummy, david_orc_1_choice, kennysheep_nub,
          minmay_gold_behind_fungi, uniq_erica
D:12:     layout_roguey, tso_metal_star
D:13:     layout_roguey
D:14:     layout_basic, grunt_vaults_entry_tiered,
          portal_ice_cave_entry_pillars_2
D:15:     hangedman_depths_entry_try_elsewhere_first, layout_long_grid,
          grunt_dithmenos_smoke_and_mirrors, dispersion_dpeg
Lair:1:   layout_concentric_octagons, minmay_holes, guppyfry_lair_drakes,
          grunt_megastairs_5, lemuel_fruit_fields
Lair:2:   nzn_winding_woodlands_cross [nzn_winding_woodlands_5x15_pockets,
          nzn_winding_woodlands_5x15_twine, nzn_winding_woodlands_5x15_pool,
          nzn_winding_woodlands_5x15_longhouse,
          nzn_winding_woodlands_15x15_boxy_spiral], layout_cave_pods,
          minmay_snake_entry_six_corridors, lemuel_fruit_tree
Lair:3:   layout_hall_layers, nicolae_volcano_entry_hallway,
          amcnicky_mini_pool_medium, serial_bayou_shore_b, uniq_fannar
Lair:4:   layout_big_grid, skrybe_swamp_entry_bodies, ebering_ghost_rock_garden,
          grunt_megastairs_1
Lair:5:   layout_roguey, grunt_megastairs_4
Lair:6:   wormcave, layout_loops_ring, guppyfry_lair_end_dragon,
          dpeg_slime_entry_enclosed_altar, uniq_nessos
Snake:1:  layout_rooms, serial_bayou_shore_b
Snake:2:  layout_misc_corridors
Snake:3:  layout_cave_town, basic_altar, nicolae_snake_naga_rites
Snake:4:  grunt_snake_rune_pools, layout_chambers, uniq_aizul, uniq_roxanne,
          uniq_vashnia

Skill      XL: |  1  2  3  4  5  6  7  8  9 10 11 12 13 14 15 16 |
---------------+-------------------------------------------------+-----
Axes           | 4 5 6 7 8 10 11 12 13 15 16 | 16.2
Fighting       | 4 5 6 7 9 10 11 12 13 15 16 | 16.3
Armour         | 3 4 5 7 8 9 11 12 13 14 15 16 | 16.1
Dodging        | 3 4 |  4.9
Shields        | 3 6 9 11 13 15 17 19 20 | 20.9
Evocations     | 3 5 |  5.2

Action                   |  1- 3 |  4- 6 |  7- 9 | 10-12 | 13-15 | 16-18 || total
-------------------------+-------+-------+-------+-------+-------+-------++-------
Melee: Hand axe          |    64 |   101 |   325 |   365 |       |       ||   855
       Headbutt          |     9 |    22 |    62 |   115 |   272 |    41 ||   521
       Punch             |     1 |       |       |       |       |       ||     1
       War axe           |       |       |       |   204 |   624 |       ||   828
       Broad axe         |       |       |       |       |   490 |   163 ||   653
Invok: Berserk           |     1 |     2 |    13 |    20 |    29 |     3 ||    68
       Trog's Hand       |       |       |       |     1 |     1 |     1 ||     3
       Brothers in Arms  |       |       |       |       |       |     1 ||     1
  Use: Scroll            |       |       |       |    11 |    15 |       ||    26
       Potion            |       |       |       |       |     1 |       ||     1
 Stab: Sleeping          |       |     1 |       |       |       |       ||     1
       Distracted        |       |       |       |       |     2 |       ||     2
       Confused          |       |       |       |       |     2 |       ||     2
Armor: Animal skin       |    10 |    34 |    43 |       |       |       ||    87
       Chain mail        |       |       |    87 |    48 |       |       ||   135
       Plate armour      |       |       |     4 |    24 |       |       ||    28
       Crystal plate arm |       |       |       |   207 |   787 |    62 ||  1056
Dodge: Dodged            |    34 |    61 |   119 |   120 |   240 |    18 ||   592
Block: Kite shield       |       |       |   121 |    90 |       |       ||   211
       Tower shield      |       |       |       |   340 |  1277 |   230 ||  1847
